 Dungeon Crawl Stone Soup version 0.27-a0-1299-g1ab19c6527 (webtiles) character file.

Game seed: 10969380620353533525

929 kae the Cleaver (level 8, -4/73 HPs)
             Began as a Hill Orc Fighter on June 16, 2021.
             Slain by a two-headed ogre (9 damage)
             ... on level 5 of the Dungeon.
             The game lasted 00:03:47 (4033 turns).

kae the Cleaver (Hill Orc Fighter)                  Turns: 4033, Time: 00:03:48

Health: -4/73      AC:  7    Str: 21    XL:     8   Next: 11%
Magic:  8/8        EV:  7    Int:  8    God:
Gold:   305        SH:  9    Dex: 10    Spells: 7/7 levels left

rFire    . . .     SeeInvis .   a - +1 war axe
rCold    . . .     Faith    .   c - +0 kite shield
rNeg     . . .     Spirit   .   b - +1 scale mail
rPois    .         Reflect  .   (no helmet)
rElec    .         Harm     .   (no cloak)
rCorr    .         Rampage  .   (no gloves)
Will     .....                  (no boots)
Stlth    ..........             (no amulet)
HPRegen  0.22/turn              (no ring)
MPRegen  0.11/turn              (no ring)

@: mighty
A: no striking features
a: no special abilities


You were on level 5 of the Dungeon.
You visited 1 branch of the dungeon, and saw 5 of its levels.

You collected 305 gold pieces.

Inventory:

Hand Weapons
 a - a +1 war axe (weapon)
Missiles
 h - a throwing net (quivered)
Armour
 b - a +1 scale mail (worn)
 c - a +0 kite shield (worn)
Scrolls
 k - 2 scrolls of identify
Potions
 d - 2 potions of might
 f - a potion of ambrosia
 g - 2 potions of curing
 i - a potion of lignification {unknown}


   Skills:
 + Level 7.2 Fighting
 * Level 9.9 Axes
 - Level 3.2 Armour
 - Level 3.2 Shields


You had 7 spell levels left.
You didn't know any spells.
Your spell library contained the following spells:

 Spells                   Type           Power      Damage    Failure   Level
 Sandblast                Erth           0%         2d4       99%         1
 Passwall                 Tmut/Erth      0%         N/A       100%        2
 Confusing Touch          Hex            0%         N/A       100%        3
 Gell's Gravitas          Tloc           0%         N/A       100%        3
 Stone Arrow              Conj/Erth      0%         3d7       100%        3
 Petrify                  Tmut/Erth      0%         N/A       100%        4
 Lee's Rapid Deconstruct  Erth           0%         3d5*      100%        5
 Metabolic Englaciation   Hex/Ice        0%         N/A       100%        5
 Yara's Violent Unravell  Hex/Tmut       0%         3d3       100%        5


Dungeon Overview and Level Annotations

Branches:
Dungeon (5/15)
 Temple: D:4-7

Altars:
Nemelex Xobeh
Okawaru
Trog

Shops:
D:4 *


Message History

You block the hound's attack. The necrophage hits you.
You completely miss the necrophage.
The necrophage is almost destroyed.
You miss the hound.
The hound bites you but does no damage. x2
The necrophage hits you but does no damage.
Okay, then.
As you read the scroll of teleportation, it crumbles to dust.
You feel strangely unstable.
You hear the rapid hiss of an avalanche of sand very nearby.
The hound barely misses you.
The two-headed ogre hits you with a +0 giant spiked club!!
* * * LOW HITPOINT WARNING * * *
You block the two-headed ogre's attack. The necrophage hits you.
* * * LOW HITPOINT WARNING * * *
You feel drained. The hound bites you but does no damage.
The hound closely misses you. The necrophage hits you.
* * * LOW HITPOINT WARNING * * *
You feel drained.
* * * LOW HITPOINT WARNING * * *
Your surroundings seem slightly different.
You barely miss the necrophage.
The necrophage is almost destroyed.
You block the necrophage's attack.
You hit the necrophage.
You destroy the necrophage!
You have reached level 8!
You slice the hound!!
You kill the hound!
Your life force feels restored.
Okay, then.
You feel very mighty all of a sudden.
You slash the two-headed ogre!
The two-headed ogre is moderately wounded.
The two-headed ogre hits you with a +0 giant spiked club!
* * * LOW HITPOINT WARNING * * *
The two-headed ogre hits you but does no damage.
You slice the two-headed ogre!!
The two-headed ogre is severely wounded.
The two-headed ogre hits you with a +0 giant spiked club!
You die...

#.#
#O........
#.#
#.h.......
#.#
#.........
#.#
#.........
#.#
#.........
#.#
#####........
#.#
#...§§.......
#.#
#O###........
#.#
#@≈§≈≈≈......
#.#
#§§###≈######
#.# #..+ ≈#
#.# ##≈# ≈#
#.## ≈≈ ≈#
#..# ### ##.#
#.# #.#


You could see a two-headed ogre.

Vanquished Creatures
  A water moccasin (D:5)
  A sky beast (D:5)
  A necrophage (D:5)
  A phantom (D:4)
  A scorpion (D:5)
  A water moccasin skeleton (D:4)
  A bullfrog zombie (D:5)
  3 hounds
  2 orc priests
  A bullfrog skeleton (D:4)
  Natasha (thrice) (D:2)
  An orc wizard (D:3)
  A hound skeleton (D:4)
  4 adders
  3 gnolls (D:3)
  A worm (D:3)
  A dart slug (D:3)
  10 orcs
  2 ball pythons
  4 bats
  2 endoplasms (D:1)
  6 giant cockroaches
  8 goblins
  4 hobgoblins
  8 jackals
  6 kobolds
  A quokka (D:3)
  2 frilled lizards
  4 rats
84 creatures vanquished.

Vanquished Creatures (others)
  5 plants (D:2)
5 creatures vanquished.

Grand Total: 89 creatures vanquished

Notes
Turn   | Place    | Note
-------+----------+-------------------------------------------
     0 | D:1      | kae the Hill Orc Fighter began the quest for the Orb.
     0 | D:1      | Reached XP level 1. HP: 19/19 MP: 1/1
    65 | D:1      | Found a faded altar of an unknown god.
   114 | D:1      | Reached skill level 3 in Axes
   253 | D:1      | Reached XP level 2. HP: 26/27 MP: 2/2
   909 | D:2      | Reached skill level 4 in Axes
   920 | D:2      | Reached XP level 3. HP: 33/33 MP: 3/3
  1081 | D:2      | Noticed Natasha
  1088 | D:2      | Killed Natasha
  1100 | D:2      | Reached XP level 4. HP: 41/41 MP: 4/4
  1212 | D:2      | Noticed Natasha
  1220 | D:2      | Killed Natasha
  1221 | D:2      | Reached skill level 5 in Axes
  1442 | D:2      | Noticed Natasha
  1446 | D:2      | Killed Natasha
  1542 | D:2      | Reached skill level 5 in Fighting
  1542 | D:2      | Reached XP level 5. HP: 43/48 MP: 5/5
  1581 | D:2      | Reached skill level 6 in Axes
  1658 | D:3      | Found a bloodstained altar of Trog.
  1825 | D:3      | Found an iron altar of Okawaru.
  1897 | D:3      | Found a sparkling altar of Nemelex Xobeh.
  1988 | D:3      | Reached XP level 6. HP: 56/56 MP: 6/6
  2377 | D:4      | Reached skill level 7 in Axes
  2780 | D:4      | Found Fap Feot's Elemental Accessories.
  2797 | D:4      | Reached skill level 8 in Axes
  2797 | D:4      | Reached XP level 7. HP: 17/63 MP: 7/7
  3297 | D:5      | Entered Level 5 of the Dungeon
  3540 | D:5      | Reached skill level 9 in Axes
  3994 | D:5      | Noticed a two-headed ogre
  4027 | D:5      | Reached XP level 8. HP: 16/72 MP: 8/8
  4033 | D:5      | Slain by a two-headed ogre

Illustrated notes

Levels and vault maps discovered:
D:1:      lightli_arrival_flooded_house, layout_loops_ring,
          ebering_ecumenical_altar_mist, hangedman_decor_push, minivault_24
D:2:      cheibrodos_old_hovel, layout_rooms, uniq_natasha
D:3:      layout_rooms, trog_three_pillars_becter,
          nicolae_overflow_crystal_walls, okawaru_trees_2, chequers_arboretum
D:4:      layout_basic, nicolae_elemental_shop, minmay_misc_feat_alley
D:5:      layout_basic, nicolae_ossuary_entry_monument, serial_shops,
          kennysheep_mini_moat, st_stairs_1, hex_intersection

Skill      XL: |  1  2  3  4  5  6  7 |
---------------+----------------------+-----
Axes           | 3 4 5 6 8 9 |  9.9
Fighting       | 4 5 6 7 |  7.2
Armour         | |  3.2
Shields        | |  3.2

Action                   |  1- 3 |  4- 6 |  7- 9 || total
-------------------------+-------+-------+-------++-------
Melee: War axe           |    87 |   137 |    74 ||   298
  Use: Scroll            |     2 |     2 |     7 ||    11
       Potion            |       |       |     3 ||     3
Armor: Scale mail        |    41 |    58 |    37 ||   136
Dodge: Dodged            |    33 |    42 |    18 ||    93
Block: Kite shield       |    56 |    73 |    35 ||   164

Table legend: (Time is in decaauts)
 A = Elapsed time spent in this place.
 B = Non-inter-level travel time spent in this place.
 C = Inter-level travel time spent in this place.
 D = Time resting spent in this place.
 E = Time spent auto-exploring this place.
 F = Levels seen in this place.
 G = Mean time per level.
                   A        B        C        D        E       F      G
               +--------+--------+--------+--------+--------+-----+--------+
         Total |   4160 |   4061 |     99 |     97 |   3237 |   5 |  832.0 |
       Dungeon |   4160 |   4061 |     99 |     97 |   3237 |   5 |  832.0 |
               +--------+--------+--------+--------+--------+-----+--------+

Top non-repeatable levels by time:
     D:4: 1184 daAuts
     D:1: 926 daAuts
     D:5: 755 daAuts
     D:2: 728 daAuts
     D:3: 566 daAuts
